3A
IDAHO FALLS CHUKARS @ GALESBURG GUZZLERS
08/22/2025
 
TOP OF THE 1ST
Idaho Falls Chukars batting - Pitching for Galesburg Guzzlers : RHP Miguel Cervantes
Pitching: RHP Miguel Cervantes
Batting: RHB Fernando Granados 0-0: Called Strike
0-1: Ball
1-1: Foul Ball, location: 2F
1-2: Reached on error, E5 (Groundball, 56)
Batting: RHB Leon Carlisle 0-0: Called Strike
0-1: Ball
1-1: Swinging Strike
1-2: Strikes out looking
Batting: SHB Pablo Coloa 0-0: Ball
1-0: Foul Ball, location: 2F
1-1: Ball
2-1: Ball
3-1: Foul Ball, location: 2F
3-2: SINGLE (Groundball, 34) (infield hit)
Fernando Granados to second
Batting: RHB Scott Ramsey 0-0: Called Strike
Fernando Granados steals 3rd base
Pablo Coloa to second
0-1: Ball
1-1: Ball
2-1: Foul Ball, location: 2F
2-2: Ball
3-2: Foul Ball, location: 2F
3-2: Strikes out swinging
Batting: SHB Félix Medina 0-0: Ball
1-0: SINGLE (Line Drive, 89S)
Fernando Granados scores
Pablo Coloa to third
Runner from 3rd tries for Home, SAFE, no throw
Batting: RHB Michael Bradshaw 0-0: Called Strike
0-1: Swinging Strike
0-2: Ball
1-2: Ball
2-2: Foul Ball, location: 2F
2-2: Strikes out swinging
Top of the 1st over - 2 run(s), 2 hit(s), 1 error(s), 1 left on base; Idaho Falls 2 - Galesburg 0
BOTTOM OF THE 1ST
Galesburg Guzzlers batting - Pitching for Idaho Falls Chukars : RHP Russ Melton
Pitching: RHP Russ Melton
Batting: RHB Silvio Bonauiti 0-0: Ball
1-0: Ball
2-0: Called Strike
2-1: Ball
3-1: Called Strike
3-2: Ground out 5-3 (Groundball, 56)
Batting: RHB Toussiant L'Ouverture 0-0: Ball
1-0: Ball
2-0: Reached on error, E5 (Groundball, 5L)
Batting: LHB Adrián Gómez 0-0: Called Strike
0-1: Ball
1-1: Called Strike
1-2: Foul Ball, location: 2F
1-2: Strikes out swinging
Batting: RHB Gabrio Campoverde 0-0: Ball
1-0: Ball
2-0: Swinging Strike
2-1: Foul Ball, location: 2F
2-2: Ball
3-2: Foul Ball, location: 2F
3-2: Base on Balls
Toussiant L'Ouverture to second
Batting: LHB Daniel Faraday 0-0: Foul Ball, location: 2F
0-1: Foul Ball, location: 2F
0-2: Hit by Pitch
Toussiant L'Ouverture to third
Gabrio Campoverde to second
Batting: RHB Carlos Cardona 0-0: Foul Ball, location: 2F
0-1: Foul Ball, location: 2F
0-2: Foul Ball, location: 2F
0-2: DOUBLE (Flyball, 8LXD)
Toussiant L'Ouverture scores
Gabrio Campoverde scores
Daniel Faraday to third
Runner from 3rd tries for Home, SAFE, no throw
Batting: RHB José Díaz 0-0: Called Strike
0-1: SINGLE (Groundball, 6MD)
Carlos Cardona to third
Runner from 3rd tries for Home, SAFE, throw made home
José Díaz to second
Batting: LHB Shahid Afridi 0-0: Ground out 4-3 (Groundball, 34)
Bottom of the 1st over - 4 run(s), 2 hit(s), 1 error(s), 1 left on base; Idaho Falls 2 - Galesburg 4
TOP OF THE 2ND
Idaho Falls Chukars batting - Pitching for Galesburg Guzzlers : RHP Miguel Cervantes
Batting: RHB Dam Son 0-0: SINGLE (Flyball, 9LS)
Batting: RHB Paul Stoudt 0-0: Called Strike
0-1: Ball
1-1: Called Strike
1-2: Strikes out swinging
Batting: RHB Spencer Lyng 0-0: Ball
1-0: SINGLE (Groundball, 6D)
Dam Son to second
Batting: RHB Fernando Granados 0-0: Called Strike
0-1: Ball
1-1: Ball
2-1: Fly out, F8 (Flyball, 89M)
Batting: RHB Leon Carlisle 0-0: Ball
1-0: Called Strike
1-1: Ball
2-1: SINGLE (Groundball, 56D)
Dam Son to third
Spencer Lyng to second
Runner from 3rd tries for Home, SAFE, throw made at trailing runner, OUT at third!
Top of the 2nd over - 1 run(s), 3 hit(s), 0 error(s), 1 left on base; Idaho Falls 3 - Galesburg 4
BOTTOM OF THE 2ND
Galesburg Guzzlers batting - Pitching for Idaho Falls Chukars : RHP Russ Melton
Batting: RHB Eun-bum Kim 0-0: Ground out 5-3 (Groundball, 56S)
Batting: RHB Silvio Bonauiti 0-0: Foul Ball, location: 2F
0-1: SINGLE (Groundball, 25) (infield hit)
Batting: RHB Toussiant L'Ouverture 0-0: Called Strike
0-1: Swinging Strike
0-2: Ball
1-2: Fielders Choice at 2nd, 1-6 (Groundball, 13S)
Batting: LHB Adrián Gómez 0-0: Ball
1-0: Called Strike
1-1: Called Strike
1-2: Strikes out looking
Bottom of the 2nd over - 0 run(s), 1 hit(s), 0 error(s), 1 left on base; Idaho Falls 3 - Galesburg 4
TOP OF THE 3RD
Idaho Falls Chukars batting - Pitching for Galesburg Guzzlers : RHP Miguel Cervantes
Batting: SHB Pablo Coloa 0-0: Called Strike
0-1: Foul Ball, location: 2F
0-2: Ball
1-2: SINGLE (Groundball, 4MD)
Batting: RHB Scott Ramsey 0-0: Ball
1-0: 2-RUN HOME RUN (Flyball, 9D), Distance : 369 ft
Batting: SHB Félix Medina 0-0: Swinging Strike
0-1: Ball
1-1: Foul Ball, location: 2F
1-2: Fly out, F7 (Flyball, 7S)
Batting: RHB Michael Bradshaw 0-0: Ball
1-0: SINGLE (Flyball, 4MD)
Batting: RHB Dam Son 0-0: Ball
1-0: Fly out, F6 (Popup, 6D)
Batting: RHB Paul Stoudt 0-0: Ball
1-0: Called Strike
1-1: Called Strike
Michael Bradshaw steals 2nd base
1-2: Foul Ball, location: 2F
1-2: Foul Ball, location: 2F
1-2: Ball
2-2: Strikes out looking
Top of the 3rd over - 2 run(s), 3 hit(s), 0 error(s), 1 left on base; Idaho Falls 5 - Galesburg 4
BOTTOM OF THE 3RD
Galesburg Guzzlers batting - Pitching for Idaho Falls Chukars : RHP Russ Melton
Batting: RHB Gabrio Campoverde 0-0: Called Strike
0-1: Fly out, F8 (Flyball, 8RS)
Batting: LHB Daniel Faraday 0-0: SINGLE (Line Drive, 89S)
Batting: RHB Carlos Cardona 0-0: Foul Ball, location: 2F
0-1: Foul Ball, location: 2F
0-2: Ball
1-2: Ball
2-2: DOUBLE (Flyball, 8RM)
Daniel Faraday to third
Batting: RHB José Díaz 0-0: Ball
1-0: SINGLE (Line Drive, 78S)
Daniel Faraday scores
Carlos Cardona to third
Batting: LHB Shahid Afridi 0-0: Called Strike
0-1: Fielders Choice at 2nd, 4-6 (Groundball, 4)
Carlos Cardona scores
Batting: RHB Eun-bum Kim 0-0: Called Strike
0-1: SINGLE (Groundball, 34D)
Shahid Afridi to second
Runner from 2nd tries for 3rd, SAFE, throw made to third
Eun-bum Kim to second
Batting: RHB Silvio Bonauiti 0-0: Called Strike
0-1: Ball
1-1: Ball
2-1: Ball
3-1: Foul Ball, location: 2F
3-2: Foul Ball, location: 2F
3-2: Ground out 6-3 (Groundball, 6)
Bottom of the 3rd over - 2 run(s), 4 hit(s), 0 error(s), 2 left on base; Idaho Falls 5 - Galesburg 6
TOP OF THE 4TH
Idaho Falls Chukars batting - Pitching for Galesburg Guzzlers : RHP Miguel Cervantes
Batting: RHB Spencer Lyng 0-0: Ball
1-0: Ball
2-0: Ball
3-0: Base on Balls
Batting: RHB Fernando Granados 0-0: Called Strike
Spencer Lyng is caught stealing 2nd base
0-1: Called Strike
0-2: Ball
1-2: Ball
2-2: Foul Ball, location: 2F
2-2: Foul Ball, location: 2F
2-2: Foul Ball, location: 2F
2-2: Foul Ball, location: 2F
2-2: Foul Ball, location: 2F
2-2: Strikes out swinging
Batting: RHB Leon Carlisle 0-0: SINGLE (Flyball, 89S)
Batting: SHB Pablo Coloa 0-0: Foul Ball, location: 2F
0-1: Ball
1-1: SINGLE (Line Drive, 3D)
Leon Carlisle to second
Runner from 2nd tries for 3rd, SAFE, throw made to third
Batting: RHB Scott Ramsey 0-0: Ball
1-0: Fly out, F8 (Flyball, 8RXD)
Top of the 4th over - 0 run(s), 2 hit(s), 0 error(s), 2 left on base; Idaho Falls 5 - Galesburg 6
BOTTOM OF THE 4TH
Galesburg Guzzlers batting - Pitching for Idaho Falls Chukars : RHP Russ Melton
Batting: RHB Toussiant L'Ouverture 0-0: Called Strike
0-1: Ball
1-1: Ball
2-1: Foul Ball, location: 2F
2-2: Strikes out swinging
Batting: LHB Adrián Gómez 0-0: Ball
1-0: Called Strike
1-1: Called Strike
1-2: Fly out, F7 (Flyball, 7LM)
Batting: RHB Gabrio Campoverde 0-0: Ball
1-0: Fly out, F5 (Flyball, 56D)
Bottom of the 4th over - 0 run(s), 0 hit(s), 0 error(s), 0 left on base; Idaho Falls 5 - Galesburg 6
TOP OF THE 5TH
Idaho Falls Chukars batting - Pitching for Galesburg Guzzlers : RHP Miguel Cervantes
Batting: SHB Félix Medina 0-0: Ball
1-0: Ball
2-0: Swinging Strike
2-1: Ball
3-1: Base on Balls
Batting: RHB Michael Bradshaw 0-0: Ball
Félix Medina steals 2nd base
1-0: Ball
2-0: Ball
3-0: Called Strike
3-1: Base on Balls
Batting: RHB Dam Son 0-0: Called Strike
0-1: Ball
1-1: Swinging Strike
1-2: Foul Ball, location: 2F
1-2: Fly out, F7 (Flyball, 78S)
Batting: RHB Paul Stoudt 0-0: SINGLE (Line Drive, 6D)
Félix Medina to third
Michael Bradshaw to second
Runner from 3rd tries for Home, SAFE, no throw
Pitching: RHP Ramón López
Batting: RHB Spencer Lyng 0-0: Called Strike
0-1: Ball
1-1: Called Strike
1-2: Ball
2-2: Ball
3-2: Base on Balls
Michael Bradshaw to third
Paul Stoudt to second
Batting: RHB Fernando Granados 0-0: Ball
1-0: Ball
2-0: Ground out 5-3 (Groundball, 56S)
Michael Bradshaw scores
Paul Stoudt to third
Spencer Lyng to second
Batting: RHB Leon Carlisle 0-0: Called Strike
0-1: Ball
1-1: Ball
2-1: Ball
3-1: Called Strike
3-2: Strikes out looking
Top of the 5th over - 2 run(s), 1 hit(s), 0 error(s), 2 left on base; Idaho Falls 7 - Galesburg 6
BOTTOM OF THE 5TH
Galesburg Guzzlers batting - Pitching for Idaho Falls Chukars : RHP Russ Melton
Pitching: RHP Enrique Castro
Batting: LHB Daniel Faraday 0-0: Foul Ball, location: 2F
0-1: Ball
1-1: Ball
2-1: Foul Ball, location: 2F
2-2: Ball
3-2: Fly out, F9 (Flyball, 89M)
Batting: RHB Carlos Cardona 0-0: Fly out, F6 (Popup, 6D)
Batting: RHB José Díaz 0-0: Called Strike
0-1: Called Strike
0-2: Ball
1-2: Ball
2-2: Foul Ball, location: 2F
2-2: Foul Ball, location: 2F
2-2: Strikes out swinging
Bottom of the 5th over - 0 run(s), 0 hit(s), 0 error(s), 0 left on base; Idaho Falls 7 - Galesburg 6
TOP OF THE 6TH
Idaho Falls Chukars batting - Pitching for Galesburg Guzzlers : RHP Ramón López
Batting: SHB Pablo Coloa 0-0: Foul Ball, location: 2F
0-1: Ball
1-1: Swinging Strike
1-2: Ball
2-2: Ball
3-2: Strikes out swinging, 2-3 out at first.
Batting: RHB Scott Ramsey 0-0: Foul Ball, location: 2F
0-1: Ball
1-1: Foul Ball, location: 2F
1-2: Strikes out swinging
Batting: SHB Félix Medina 0-0: Swinging Strike
0-1: Ball
1-1: Swinging Strike
1-2: Strikes out swinging
Top of the 6th over - 0 run(s), 0 hit(s), 0 error(s), 0 left on base; Idaho Falls 7 - Galesburg 6
BOTTOM OF THE 6TH
Galesburg Guzzlers batting - Pitching for Idaho Falls Chukars : RHP Enrique Castro
Batting: LHB Shahid Afridi 0-0: Called Strike
0-1: Called Strike
0-2: Fly out, F8 (Flyball, 8LM)
Batting: RHB Eun-bum Kim 0-0: Fly out, F9 (Line Drive, 89S)
Batting: RHB Silvio Bonauiti 0-0: Ball
1-0: Ball
2-0: Ball
3-0: Called Strike
3-1: Base on Balls
Batting: RHB Toussiant L'Ouverture 0-0: Ball
1-0: SINGLE (Groundball, 56D)
Silvio Bonauiti to second
Batting: LHB Adrián Gómez 0-0: Called Strike
0-1: Ball
1-1: Fielders Choice at 2nd, 4-6 (Groundball, 4)
Bottom of the 6th over - 0 run(s), 1 hit(s), 0 error(s), 1 left on base; Idaho Falls 7 - Galesburg 6
TOP OF THE 7TH
Idaho Falls Chukars batting - Pitching for Galesburg Guzzlers : RHP Ramón López
Batting: RHB Michael Bradshaw 0-0: Foul Ball, location: 2F
0-1: Ball
1-1: Ball
2-1: Swinging Strike
2-2: Strikes out looking
Batting: RHB Dam Son 0-0: Ground out 6-3 (Groundball, 6)
Batting: RHB Paul Stoudt 0-0: Ball
1-0: Foul Ball, location: 2F
1-1: Foul Ball, location: 2F
1-2: SINGLE (Groundball, 4MD)
Pinch Hitting: LHB Armando Peña 0-0: Called Strike
0-1: Ball
1-1: Ball
2-1: Ball
3-1: Base on Balls
Paul Stoudt to second
Pinch Hitting: RHB Tan Bal 0-0: Called Strike
0-1: Ball
1-1: Ball
2-1: Ball
3-1: Foul Ball, location: 2F
3-2: Strikes out looking
Top of the 7th over - 0 run(s), 1 hit(s), 0 error(s), 2 left on base; Idaho Falls 7 - Galesburg 6
BOTTOM OF THE 7TH
Galesburg Guzzlers batting - Pitching for Idaho Falls Chukars : RHP Enrique Castro
Now at 3B: Armando Peña
Now in CF: Stewart Smart
Batting: RHB Gabrio Campoverde 0-0: Ground out 5-3 (Groundball, 56S)
Batting: LHB Daniel Faraday 0-0: Called Strike
0-1: Ball
1-1: Swinging Strike
1-2: Foul Ball, location: 2F
1-2: Foul Ball, location: 2F
1-2: Foul Ball, location: 2F
1-2: Foul Ball, location: 2F
1-2: Ball
2-2: Foul Ball, location: 2F
2-2: Ball
3-2: Base on Balls
Pinch Hitting: LHB Walter Roda 0-0: Ball
1-0: Foul Ball, location: 2F
1-1: Called Strike
1-2: Ball
2-2: Ball
3-2: Strikes out swinging
Pinch Hitting: RHB Mark Smiley 0-0: Ball
1-0: Reached on error, E9 (Flyball, 9)
Daniel Faraday to third
Pinch Hitting: RHB Jim Unknown 0-0: Ball
1-0: Ball
2-0: Foul Ball, location: 2F
2-1: SINGLE (Flyball, 7S)
Daniel Faraday scores
Mark Smiley to third
Runner from 3rd tries for Home, SAFE, no throw
Pinch Hitting: RHB Lee Allen 0-0: Called Strike
0-1: Ball
1-1: Swinging Strike
1-2: Strikes out swinging
Bottom of the 7th over - 2 run(s), 1 hit(s), 1 error(s), 1 left on base; Idaho Falls 7 - Galesburg 8
TOP OF THE 8TH
Idaho Falls Chukars batting - Pitching for Galesburg Guzzlers : RHP Ramón López
Pitching: LHP Anaías Pedroza
Now at 1B: Jeff Cornelis
Now at 2B: Jim Unknown
Now at 3B: Jim Unknown
Now in LF: Lee Allen
Batting: RHB Leon Carlisle 0-0: Ball
1-0: Foul Ball, location: 2F
1-1: Ball
2-1: Foul Ball, location: 2F
2-2: Ball
3-2: Foul Ball, location: 2F
3-2: Ground out 5-3 (Groundball, 5)
Batting: SHB Pablo Coloa 0-0: Called Strike
0-1: Ball
1-1: SINGLE (Flyball, 7S)
Batting: RHB Scott Ramsey 0-0: Ball
1-0: Called Strike
1-1: Swinging Strike
1-2: Strikes out swinging
Pinch Hitting: RHB Armando Rodríguez 0-0: Ball
1-0: Swinging Strike
1-1: Ball
2-1: Ball
3-1: Swinging Strike
3-2: Base on Balls
Pablo Coloa to second
Batting: RHB Michael Bradshaw 0-0: Called Strike
0-1: Ball
1-1: Fly out, F4 (Popup, 4S)
Top of the 8th over - 0 run(s), 1 hit(s), 0 error(s), 2 left on base; Idaho Falls 7 - Galesburg 8
BOTTOM OF THE 8TH
Galesburg Guzzlers batting - Pitching for Idaho Falls Chukars : RHP Enrique Castro
Now in RF: Jesús López
Batting: RHB Silvio Bonauiti 0-0: Ball
1-0: Foul Ball, location: 2F
1-1: Ball
2-1: Ball
3-1: Called Strike
3-2: Foul Ball, location: 2F
3-2: Fly out, F9 (Flyball, 9LM)
Batting: RHB Toussiant L'Ouverture 0-0: Ball
1-0: Foul Ball, location: 2F
1-1: Fly out, F6 (Popup, 6MD)
Batting: LHB Adrián Gómez 0-0: Ball
1-0: Foul Ball, location: 2F
1-1: Ball
2-1: Foul Ball, location: 2F
2-2: Foul Ball, location: 2F
2-2: Ground out U3 (Groundball, 34)
Bottom of the 8th over - 0 run(s), 0 hit(s), 0 error(s), 0 left on base; Idaho Falls 7 - Galesburg 8
TOP OF THE 9TH
Idaho Falls Chukars batting - Pitching for Galesburg Guzzlers : LHP Anaías Pedroza
Pitching: RHP Vicente Escamilla
Now at C: Héctor Álvarez
Now in CF: José Alfaro
Batting: RHB Dam Son 0-0: Called Strike
0-1: Ball
1-1: Called Strike
1-2: Strikes out looking
Pinch Hitting: SHB Jim Unknown 0-0: Swinging Strike
0-1: Ball
1-1: Foul Ball, location: 2F
1-2: Foul Ball, location: 2F
1-2: Foul Ball, location: 2F
1-2: Foul Ball, location: 2F
1-2: Ball
2-2: Strikes out swinging
Batting: LHB Armando Peña 0-0: Ball
1-0: Called Strike
1-1: Ball
2-1: Called Strike
2-2: Ball
3-2: Fly out, F7 (Flyball, 7)
Top of the 9th over - 0 run(s), 0 hit(s), 0 error(s), 0 left on base; Idaho Falls 7 - Galesburg 8
Friday, December 30th, 2016 - OOTP Baseball 17.12 Build 75